 Dungeon Crawl Stone Soup version 0.31-a0-968-g24f9ace8b5 (webtiles) character file.

Game seed: 16724403658629177803

105322 IdlyInterested the Warrior (level 15, -6/131 HPs)
             Began as a Demonspawn Gladiator on Oct 27, 2023.
             Was the Champion of Makhleb.
             Mangled by an ettin
             ... wielding a +0 dire flail
              (22 damage)
             ... on level 2 of the Orcish Mines.
             The game lasted 01:33:16 (26262 turns).

IdlyInterested the Warrior (Demonspawn Gladiator)  Turns: 26262, Time: 01:33:16

Health: -6/131     AC: 25    Str: 20    XL:     15   Next: 94%
Magic:  14/22      EV: 14    Int:  9    God:    Makhleb [******]
Gold:   2222       SH: 14    Dex: 17    Spells: 14/14 levels left

rFire   + . .        a - +5 flail "Vohar" {flame, rElec rC+}
rCold   + + +        l - +2 buckler {rC+}
rNeg    . . .        S - +1 crystal plate armour {rC+}
rPois   +            (helmet unavailable)
rElec   +            r - scarf {rC+ rF+}
rCorr   +            i - +2 pair of gloves {infuse}
SInv    .            b - +0 pair of boots "Qaucelem" {rPois Will+ rCorr}
Will    ++...        j - amulet of reflection Stlth
                     B - +4 ring of slaying
HPRegen 0.41/turn    U - +5 ring of evasion
MPRegen 0.18/turn

%: reflection, infuse magic (1 MP)
@: agile
A: horns 3, slimy green scales 2, ignite blood 2, powered by pain 2, wild magic
1, cold vulnerability 1, MP-powered wands
a: Renounce Religion, Minor Destruction, Lesser Servant of Makhleb, Major
Destruction, Greater Servant of Makhleb


You were on level 2 of the Orcish Mines.
You worshipped Makhleb.
Makhleb was exalted by your worship.
You visited 4 branches of the dungeon, and saw 23 of its levels.
You also visited: Sewer, Gauntlet and Ice Cave.

You collected 2475 gold pieces.
You spent 253 gold pieces at shops.

Inventory:

Hand Weapons
 a - the +5 flail "Vohar" (weapon) {flame, rElec rC+}
   (You found it on level 12 of the Dungeon)

   rC+:       It protects you from cold.
   rElec:     It insulates you from electricity.
 e - a +2 flail of freezing
Missiles
 c - 8 curare-tipped darts
 d - 10 throwing nets
 m - 69 poisoned darts (quivered)
 o - 2 silver javelins
 I - 14 boomerangs
 K - 9 javelins
Armour
 b - the +0 pair of boots "Qaucelem" (worn) {rPois Will+ rCorr}
   (You found it on level 12 of the Dungeon)

   rPois:     It protects you from poison Will+: It increases your willpower.
   rCorr:     It protects you from acid and corrosion.
 i - a +2 pair of gloves of infusion (worn)
 l - a +2 buckler of cold resistance (worn)
 r - a scarf of resistance (worn)
 P - an orb of light
 S - a +1 crystal plate armour of cold resistance (worn)
 X - +0 fire dragon scales
Magical Staves
 u - a staff of fire
 y - a staff of death
Jewellery
 j - an amulet of reflection (around neck)
 t - a ring of positive energy
 B - a +4 ring of slaying (left hand)
 U - a +5 ring of evasion (right hand)
Wands
 E - a wand of light (9)
 H - a wand of flame (26)
 L - a wand of digging (6)
 R - a wand of polymorph (3)
 W - a wand of paralysis (6)
 Y - a wand of mindburst (20)
Scrolls
 n - 3 scrolls of enchant armour
 p - 16 scrolls of teleportation
 w - 3 scrolls of butterflies
 A - 2 scrolls of fear
 C - a scroll of silence
 D - a scroll of torment
 G - 5 scrolls of brand weapon
 N - 5 scrolls of immolation
 O - 2 scrolls of poison
 Q - 7 scrolls of identify
 Z - 5 scrolls of fog
Potions
 f - 4 potions of mutation
 g - 3 potions of invisibility
 h - a potion of heal wounds
 k - 2 potions of haste
 q - 2 potions of magic
 s - 2 potions of cancellation
 v - 7 potions of brilliance
 x - 3 potions of ambrosia
 z - 4 potions of lignification
 F - 3 potions of enlightenment
 J - 2 potions of might
 M - 9 potions of curing
 T - 2 potions of resistance
 V - a potion of berserk rage


   Skills:
 - Level 16.0 Fighting
 + Level 15.7 Maces & Flails
 - Level 5.0 Throwing
 - Level 5.0 Armour
 - Level 5.0 Dodging
 - Level 5.0 Stealth
 * Level 10.8 Shields
 - Level 10.0 Invocations
 - Level 5.0 Evocations


You had 14 spell levels left.
You didn't know any spells.
Your spell library contained the following spells:

 Spells                   Type           Power      Damage    Failure   Level
 Necrotise                Necr           0%         1d4       100%        1
 Shock                    Conj/Air       0%         1d3       100%        1
 Slow                     Hex            0%         N/A       100%        1
 Sting                    Tmut/Pois      0%         1d3       100%        1
 Ensorcelled Hibernation  Hex/Ice        0%         N/A       100%        2
 Jinxbite                 Hex            0%         N/A       100%        2
 Poisonous Vapours        Pois/Air       0%         N/A       100%        2
 Call Canine Familiar     Summ           0%         N/A       100%        3
 Gell's Gravitas          Tloc           0%         N/A       100%        3
 Sigil of Binding         Hex            0%         N/A       100%        3
 Swiftness                Air            0%         N/A       100%        3
 Teleport Other           Tloc           0%         N/A       100%        3
 Vampiric Draining        Necr           0%         2d6       100%        3
 Airstrike                Air            0%         2d(0-16)  100%        4
 Anguish                  Hex/Necr       0%         N/A       100%        4
 Dimensional Bullseye     Hex/Tloc       0%         N/A       100%        4
 Leda's Liquefaction      Hex/Erth       0%         N/A       100%        4
 Olgreb's Toxic Radiance  Pois           0%         N/A       100%        4
 Summon Ice Beast         Ice/Summ       0%         N/A       100%        4
 Vhi's Electric Charge    Tloc/Air       0%         N/A       100%        4
 Agony                    Necr           0%         N/A       100%        5
 Arcjolt                  Conj/Air       0%         1d10      100%        5
 Dispersal                Tloc           0%         N/A       100%        6
 Plasma Beam              Fire/Air       0%         2x1d10    100%        6
 Summon Cactus Giant      Summ           0%         N/A       100%        6
 Discord                  Hex            0%         N/A       100%        8
 Ignition                 Fire           0%         3d3       100%        8


Dungeon Overview and Level Annotations

Branches:
Dungeon (15/15)            Temple (1/1) D:6            Lair (5/5) D:10
 Shoals (0/4) Lair:2       Spider (0/4) Lair:2        Slime (0/5) Lair:4
    Orc (2/2) D:11         Vaults (0/5) D:13         Depths (0/4) D:15
  Sewer (visited)           IceCv (visited)         Gauntlet (visited)
    Elf: Orc:2

Altars:
Ashenzari
Cheibriados
Dithmenos
Fedhas
Gozag
Hepliaklqana
Kikubaaqudgha
Makhleb
Nemelex Xobeh
Okawaru
Qazlal
Ru
Sif Muna
Trog
Uskayaw
Vehumet
Wu Jian
Xom
Yredelemnul
Jiyva

Shops:
D:4 *   D:9 *   D:15 *

Annotations:
D:9 1 runed translucent door


Innate Abilities, Weirdness & Mutations

You have a pair of large horns on your head.
You are mostly covered in slimy green scales. (AC +3)
Your demonic aura often causes spilled blood to erupt in flames.
You sometimes gain power by taking damage.
Your spells are a little harder to cast, but a little more powerful.
You are vulnerable to cold. (rC-)
You expend magic power (3 MP) to strengthen your wands.


Message History

The warg is engulfed in blazing flames.
The warg bites you but does no damage. You block the orc warrior's attack.
The orc warlord hits you with a +0 war axe!
The orc warrior hits you with a +0 dire flail!
* * * LOW HITPOINT WARNING * * *
The ettin is engulfed in blazing flames.
You block the ettin's attack. x2
You barely miss the warg. You headbutt the warg!
You kill the warg!
Makhleb accepts your kill.
You feel better.
Unknown command.
You closely miss the orc warrior.
You headbutt the orc warrior, but do no damage.
The orc warrior is heavily wounded.
The orc warrior hits you but does no damage.
You block the orc warlord's attack.
The ettin is engulfed in blazing flames.
The ettin hits you with a +0 dire flail!
* * * LOW HITPOINT WARNING * * *
The ettin hits you with a +0 dire flail.
* * * LOW HITPOINT WARNING * * *
You closely miss something.
The ettin is engulfed in blazing flames.
You block the ettin's attack. The ettin closely misses you.
The orc warlord hits you with a +0 war axe.
* * * LOW HITPOINT WARNING * * *
The orc wizard is engulfed in blazing flames.
The orc wizard points at you and mumbles some strange words.
The magic dart hits you but does no damage.
You block the orc's attack. The orc warrior closely misses you.
You block the orc warrior's attack. Something hits you but does no damage.
You thump the ettin! You burn the ettin.
The ettin is heavily wounded.
Unknown command.
You barely miss the ettin.
The ettin is heavily wounded.
The ettin is engulfed in blazing flames.
The ettin hits you with a +0 dire flail!!
You die...

..............#
...............#
...............#
................
................
................
................
......ooC.......
.....oo@{o.....8
......ooo.......
.......oo..P....
................
................
................
................
.#.............


You could see an orc warlord, an ettin, 2 orc warriors, an orc priest (strong),
2 orc wizards and 4 orcs.

Vanquished Creatures
  Rupert (D:13)
  A very ugly thing (D:15)
  A minotaur (Gauntlet)
  The ghost of Nulorelyt the Prestidigitator, a journeyman DsCK of Xom (Lair:3)
  The ghost of Omilar the End of an Era, a journeyman DsNe of Qazlal (Orc:1)
  A green death (Gauntlet)
  A merfolk impaler (Orc:1)
  Josephine (D:13)
  A fire dragon (Lair:5)
  An ice dragon (Lair:5)
  A rakshasa (D:15)
  Harold (Orc:1)
  A great orb of eyes (D:15)
  5 hydras
  An alligator (shapeshifter) (D:8)
  3 catoblepae
  A boulder beetle (D:15)
  6 centaur warriors
  The ghost of lotum the Thaumaturge, a journeyman VSCj of Sif Muna (Lair:1)
  4 two-headed ogres
  12 death yaks
  3 tengu warriors
  A shock serpent (shapeshifter) (D:8)
  A deep elf knight (Orc:1)
  A sea snake (shapeshifter) (D:15)
  A swamp dragon (Lair:5)
  A necromancer (IceCv)
  A deep elf archer (Orc:1)
  4 orc knights
  2 orc sorcerers
  An oklob plant (Lair:2)
  A lindwurm (Lair:5)
  5 ugly things
  3 manticores
  2 deep elf pyromancers
  3 cyclopes
  A shining eye (Gauntlet)
  A merfolk siren (Lair:2)
  17 elephants
  6 black mambas
  Maurice (D:12)
  An ice statue (IceCv)
  5 cane toads
  Jeremiah (D:6)
  5 torpor snails (Lair:5)
  Maggie (D:7)
  5 rime drakes
  An unseen horror (D:11)
  2 efreet
  A minotaur zombie (Gauntlet)
  5 kobold demonologists
  4 freezing wraiths
  9 komodo dragons
  11 ice devils (IceCv)
  Psyche (D:8)
  3 anaconda simulacra (IceCv)
  4 merfolk
  2 polar bears
  4 trolls
  4 tyrant leeches (Lair:5)
  A blink frog (shapeshifter) (D:13)
  6 hornets (Lair:5)
  33 blink frogs
  Sigmund (D:2)
  8 slime creatures
  4 flying skulls (Gauntlet)
  6 wyverns
  A centaur simulacrum (D:15)
  A spriggan (shapeshifter) (D:14)
  2 culicivoras (Lair:2)
  A spriggan (Lair:4)
  A vampire (D:12)
  5 wraiths (D:13)
  48 yaks
  A dire elephant simulacrum (IceCv)
  16 humans (D:13)
  Grum (D:11)
  4 basilisks
  A golden eye (Gauntlet)
  A basilisk (shapeshifter) (D:15)
  4 steam dragons
  Menkaure (D:5)
  7 death yak simulacra (IceCv)
  12 vampire mosquitoes
  4 wargs
  4 hydra simulacra (IceCv)
  2 acid dragons
  A harpy simulacrum (IceCv)
  13 water moccasins
  18 orc warriors
  3 sky beasts
  2 swamp drakes (Lair:5)
  2 black bears
  An ice beast (D:8)
  10 centaurs
  2 ogres
  13 wolves
  3 phantoms
  13 kobold brigands
  4 cane toad simulacra (IceCv)
  12 scorpions
  4 bullfrogs
  A gnoll sergeant (D:5)
  8 wights
  2 elephant simulacra (IceCv)
  3 killer bees (D:8)
  7 howler monkeys
  8 jellies
  13 orc priests
  Crazy Yiuf (D:5)
  A gnoll bouda (D:10)
  3 sleepcaps
  Jessica (D:2)
  9 iguanas
  20 orc wizards
  5 hell rats (Lair:5)
  3 polar bear simulacra (IceCv)
  2 spriggan simulacra (IceCv)
  4 wolf simulacra (IceCv)
  10 gnolls
  8 adders
  A naga simulacrum (IceCv)
  3 river rats
  2 white imps
  4 ufetubi
  9 worms
  3 dart slugs
  53 orcs
  8 ball pythons
  7 bats
  16 endoplasms
  6 giant cockroaches
  3 goblins
  4 hobgoblins
  6 quokkas
  4 frilled lizards
  30 kobolds
  9 rats
  5 butterflies
730 creatures vanquished.

Vanquished Creatures (others)
  A merfolk javelineer (Orc:1)
  A yak (Lair:5)
  An iguana (Lair:5)
3 creatures vanquished.

Grand Total: 733 creatures vanquished

Notes
Turn   | Place    | Note
-------+----------+-------------------------------------------
     0 | D:1      | IdlyInterested the Demonspawn Gladiator began the quest for
                  | the Orb.
     0 | D:1      | Reached XP level 1. HP: 16/16 MP: 1/1
   131 | D:1      | Gained mutation: You have a pair of small horns on your
                  | head. [demonic ancestry]
   131 | D:1      | Reached XP level 2. HP: 22/23 MP: 2/2
   330 | D:1      | Reached skill level 1 in Armour
   398 | D:1      | Reached skill level 3 in Fighting
   519 | D:1      | Reached XP level 3. HP: 29/29 MP: 3/3
   721 | D:2      | Found a faded altar of an unknown god.
  1094 | D:2      | Noticed Jessica
  1110 | D:2      | Killed Jessica
  1111 | D:2      | Reached skill level 1 in Stealth
  1111 | D:2      | Reached XP level 4. HP: 19/37 MP: 4/4
  1232 | D:2      | Noticed Sigmund
  1264 | D:2      | Killed Sigmund
  1265 | D:2      | Reached skill level 5 in Fighting
  1265 | D:2      | Reached skill level 1 in Evocations
  1265 | D:2      | Reached XP level 5. HP: 9/45 MP: 5/5
  1556 | D:3      | Gained mutation: Your demonic aura sometimes causes spilled
                  | blood to erupt in flames. [demonic ancestry]
  1556 | D:3      | Reached XP level 6. HP: 36/52 MP: 6/6
  1639 | D:3      | Reached skill level 6 in Fighting
  1650 | D:3      | Found a glowing drain.
  1654 | Sewer    | Entered a sewer
  1701 | Sewer    | Reached skill level 1 in Shields
  1901 | Sewer    | Reached skill level 7 in Fighting
  1901 | Sewer    | Gained mutation: You are partially covered in slimy green
                  | scales. (AC +2) [demonic ancestry]
  1901 | Sewer    | Reached XP level 7. HP: 45/60 MP: 7/7
  2522 | Sewer    | Reached skill level 8 in Fighting
  3092 | D:3      | Found a sparkling altar of Nemelex Xobeh.
  3309 | D:4      | Gained mutation: You sometimes gain a little power by
                  | taking damage. [demonic ancestry]
  3309 | D:4      | Reached XP level 8. HP: 55/69 MP: 8/8
  3558 | D:4      | Found Upalurch's Assorted Antiques.
  3931 | D:5      | Entered Level 5 of the Dungeon
  4026 | D:5      | Reached skill level 9 in Fighting
  4273 | D:5      | Noticed Menkaure
  4287 | D:5      | Killed Menkaure
  4720 | D:5      | Found a runed translucent door.
  4721 | D:5      | Noticed Crazy Yiuf
  4784 | D:5      | Killed Crazy Yiuf
  4823 | D:6      | Noticed Jeremiah
  4845 | D:6      | Gained mutation: Your spells are a little harder to cast,
                  | but a little more powerful. [potion of mutation]
  4851 | D:6      | Reached skill level 5 in Maces & Flails
  4856 | D:6      | Killed Jeremiah
  4857 | D:6      | Gained mutation: You are mostly covered in slimy green
                  | scales. (AC +3) [demonic ancestry]
  4857 | D:6      | Reached XP level 9. HP: 12/76 MP: 9/9
  4860 | D:6      | Found a bloodstained altar of Trog.
  5478 | D:6      | Found a staircase to the Ecumenical Temple.
  5492 | Temple   | Entered the Ecumenical Temple
  5982 | D:7      | Noticed Maggie
  6004 | D:7      | Killed Maggie
  6223 | D:7      | Found a hazy altar of Hepliaklqana.
  6257 | D:7      | Identified the +5 trident "Zenecs" {heavy, rN+}
  6478 | D:8      | Identified the of Qiutyergh
  6562 | Temple   | Became a worshipper of Makhleb the Destroyer
  6693 | D:8      | Found a blossoming altar of Fedhas.
  6720 | D:8      | Noticed Psyche
  6730 | D:8      | Killed Psyche
  6731 | D:8      | Gained mutation: You have a pair of horns on your head.
                  | [demonic ancestry]
  6731 | D:8      | Reached XP level 10. HP: 83/83 MP: 10/10
  6776 | D:8      | Found a shimmering altar of Xom.
  6777 | D:8      | Found a shimmering altar of Xom.
  6778 | D:8      | Found a shimmering altar of Xom.
  6779 | D:8      | Found a shimmering altar of Xom.
  6783 | D:8      | Found a shimmering altar of Xom.
  6789 | D:8      | Found a sacrificial altar of Ru.
  6864 | D:8      | Reached skill level 1 in Invocations
  7105 | D:8      | a raiju changed into a guardian serpent
  7105 | D:8      | Noticed a guardian serpent (shapeshifter)
  7106 | D:8      | a guardian serpent changed into an elephant
  7106 | D:8      | Noticed an elephant (shapeshifter)
  7264 | D:8      | Identified the +0 ring mail of Soch {+Inv rF- rC+++ rN+}
  7736 | D:8      | Noticed an alligator
  7738 | D:8      | Noticed a shock serpent
  7777 | D:8      | Killed a shock serpent
  7797 | D:8      | Killed an alligator
  7798 | D:8      | Reached skill level 10 in Maces & Flails
  7798 | D:8      | Reached skill level 5 in Invocations
  8281 | D:9      | Found Cirhiz's General Store.
  8405 | D:9      | Found a runed translucent door.
  8427 | D:9      | Found a runed translucent door.
  8571 | D:9      | Reached * piety under Makhleb
  8586 | D:9      | Reached XP level 11. HP: 84/89 MP: 15/15
  8823 | D:9      | Found a broken altar of Ashenzari.
  8824 | D:9      | Found a snail-covered altar of Cheibriados.
  9323 | D:10     | Entered Level 10 of the Dungeon
  9323 | D:10     | Noticed a death yak
  9564 | D:10     | Noticed a two-headed ogre
  9572 | D:10     | Killed a two-headed ogre
  9601 | D:10     | Found a shadowy altar of Dithmenos.
  9635 | D:10     | Noticed a death yak
  9636 | D:10     | Noticed a death yak
  9636 | D:10     | Noticed a death yak
  9637 | D:10     | Found a staircase to the Lair.
  9637 | D:10     | Noticed a death yak
  9651 | D:10     | Killed a death yak
  9658 | D:10     | Killed a death yak
  9660 | D:10     | Killed a death yak
  9660 | D:10     | Reached ** piety under Makhleb
  9661 | D:10     | Reached skill level 5 in Shields
  9675 | D:10     | Killed a death yak
  9683 | D:10     | Killed a death yak
 10294 | D:11     | Identified the of Yner
 10370 | D:11     | Noticed Grum
 10395 | D:11     | Killed Grum
 10542 | D:11     | Reached XP level 12. HP: 72/95 MP: 16/16
 10651 | D:11     | Found a staircase to the Orcish Mines.
 11111 | D:11     | Noticed a two-headed ogre
 11119 | D:11     | Killed a two-headed ogre
 11465 | D:12     | Identified the +1 leather armour "Enafyume" {Rampage rElec
                  | rN+}
 11515 | D:12     | Reached *** piety under Makhleb
 11532 | D:12     | Found a frozen archway.
 11539 | IceCv    | Entered an ice cave
 12033 | IceCv    | Found an ancient bone altar of Kikubaaqudgha.
 12131 | IceCv    | Reached **** piety under Makhleb
 12132 | IceCv    | Reached skill level 10 in Fighting
 12894 | D:12     | Gained mutation: You have a pair of large horns on your
                  | head. [demonic ancestry]
 12894 | D:12     | Reached XP level 13. HP: 100/104 MP: 19/19
 12967 | D:12     | Identified the +0 pair of boots "Qaucelem" {rPois Will+
                  | rCorr}
 12993 | D:12     | Noticed Maurice
 13007 | D:12     | Killed Maurice
 13201 | D:12     | Identified the +5 flail "Vohar" {flame, rElec rC+}
 13574 | D:12     | Reached skill level 11 in Fighting
 13621 | D:12     | Found a bloodstained altar of Trog.
 13990 | D:13     | Noticed Rupert
 13990 | D:13     | Found a gate to the Vaults.
 14173 | D:13     | Killed Rupert
 14174 | D:13     | Reached skill level 12 in Fighting
 14395 | D:13     | Noticed Josephine
 14406 | D:13     | Reached ***** piety under Makhleb
 14411 | D:13     | Killed Josephine
 14655 | D:13     | Found a burning altar of Makhleb.
 15192 | D:14     | Reached skill level 13 in Fighting
 15981 | D:15     | Entered Level 15 of the Dungeon
 16099 | D:15     | Found Ziegiha's Assorted Antiques.
 16447 | D:15     | Bought an iron wand for 92 gold pieces
 16643 | D:15     | Gained mutation: You sometimes gain power by taking damage.
                  | [demonic ancestry]
 16643 | D:15     | Reached XP level 14. HP: 82/119 MP: 20/20
 17196 | D:15     | Reached skill level 14 in Fighting
 17274 | D:15     | Noticed a red very ugly thing
 17295 | D:15     | Killed a red very ugly thing
 17762 | D:15     | Found a staircase to the Depths.
 17898 | D:15     | Bought a glowing morningstar for 161 gold pieces
 17989 | Lair:1   | Entered Level 1 of the Lair of Beasts
 18039 | Lair:1   | Reached skill level 10 in Invocations
 18540 | Lair:1   | Found a runed translucent gate.
 18540 | Lair:1   | Found a runed translucent gate.
 18540 | Lair:1   | Found a runed translucent gate.
 18543 | Lair:1   | Noticed lotum's ghost (journeyman VSCj)
 18545 | Lair:1   | Found a viscous altar of Jiyva.
 18564 | Lair:1   | Killed lotum's ghost
 19152 | Lair:2   | You fall into a shaft and drop 2 floors!
 19202 | Lair:4   | Found a gate leading to a gauntlet.
 19226 | Gauntlet | Entered a Gauntlet
 19226 | Gauntlet | Found a transporter.
 19226 | Gauntlet | Found a transporter.
 19241 | Gauntlet | Found a transporter.
 19261 | Gauntlet | Found a transporter.
 19261 | Gauntlet | Found a transporter.
 19266 | Gauntlet | Found a transporter.
 19266 | Gauntlet | Found a transporter.
 19267 | Gauntlet | Found a transporter.
 19282 | Gauntlet | Found a transporter.
 19298 | Gauntlet | Found a transporter.
 19308 | Gauntlet | Found a transporter.
 19322 | Gauntlet | Found a transporter.
 19344 | Gauntlet | Found a transporter.
 19359 | Gauntlet | Found a transporter.
 19490 | Gauntlet | Gained mutation: You expend magic power (3 MP) to
                  | strengthen your wands. [a shining eye]
 19500 | Gauntlet | Gained mutation: You are vulnerable to cold. (rC-) [a
                  | shining eye]
 19631 | Gauntlet | Identified the ring "Hiluuteg" {Wiz Str+5}
 19967 | Lair:4   | Reached skill level 15 in Fighting
 20171 | Lair:4   | Reached skill level 10 in Shields
 20297 | Lair:4   | Found a staircase to the Slime Pits.
 20308 | Lair:4   | Found a viscous altar of Jiyva.
 20851 | Lair:3   | Found a runed translucent door.
 20944 | Lair:3   | Noticed Nulorelyt's ghost (journeyman DsCK)
 21096 | Lair:3   | Reached ****** piety under Makhleb
 21244 | Lair:3   | Reached skill level 5 in Evocations
 22097 | Lair:3   | Killed Nulorelyt's ghost
 22098 | Lair:3   | Gained mutation: Your demonic aura often causes spilled
                  | blood to erupt in flames. [demonic ancestry]
 22098 | Lair:3   | Reached XP level 15. HP: 119/130 MP: 9/22
 22276 | Lair:2   | Found a hole to the Spider Nest.
 22378 | Lair:2   | Reached skill level 16 in Fighting
 22558 | Lair:2   | Found a staircase to the Shoals.
 22574 | Lair:2   | Reached skill level 5 in Stealth
 22726 | Lair:2   | Found a hazy altar of Hepliaklqana.
 23172 | Lair:5   | Entered Level 5 of the Lair of Beasts
 23213 | Lair:5   | Reached skill level 5 in Dodging
 23758 | Lair:5   | Reached skill level 5 in Armour
 23942 | Lair:5   | Reached skill level 15 in Maces & Flails
 24170 | Lair:5   | Identified the +2 scale mail of Ettelut {Rampage}
 24204 | Lair:5   | Found a runed translucent door.
 24846 | Lair:5   | Reached skill level 5 in Throwing
 25272 | Orc:1    | Identified the "Kaennas"
 25272 | Orc:1    | Entered Level 1 of the Orcish Mines
 25274 | Orc:1    | Noticed Harold
 25283 | Orc:1    | Killed Harold
 25335 | Orc:1    | Found a shimmering blue altar of Sif Muna.
 25735 | Orc:1    | Found a runed translucent gate.
 25735 | Orc:1    | Found a runed translucent gate.
 25735 | Orc:1    | Found a runed translucent gate.
 25933 | Orc:1    | Identified the +9 battleaxe "Wataxuth" {protect, Str+3
                  | Int+4}
 25933 | Orc:1    | Noticed Omilar's ghost (journeyman DsNe)
 25936 | Orc:1    | Found an iron altar of Okawaru.
 25966 | Orc:1    | Killed Omilar's ghost
 26238 | Orc:2    | Entered Level 2 of the Orcish Mines
 26262 | Orc:2    | Mangled by an ettin

Illustrated notes

Levels and vault maps discovered:
D:1:      nzn_arrival_depleted_hourglass, layout_rooms, serial_forest,
          infiniplex_forest_clump_C, infiniplex_forest_clump_diagonal,
          infiniplex_forest_lined_2, infiniplex_forest_zigzag_2,
          infiniplex_forest_end_2, infiniplex_forest_straight_4,
          minmay_misc_feat_tower, minivault_14
D:2:      layout_basic, hellmonk_ecumenical_altar_pennies_from_heaven,
          uniq_sigmund, uniq_jessica
D:3:      layout_rooms, nemelex_spade_bored_becter, gup_sewer_entry_bowl
D:4:      layout_cave_pools, serial_shops, nicolae_lakefront_shop,
          corexii_corridor_pit
D:5:      layout_rooms, uniq_crazy_yiuf_cottage, uniq_menkaure
D:6:      layout_rooms, amcnicky_altar_gilded, minmay_temple_entry_overgrown,
          kennysheep_cross_room, uniq_jeremiah
D:7:      layout_rooms, kennysheep_mini, nrook_campfire,
          nicolae_elevator_lobby_asterisk, uniq_maggie
D:8:      layout_basic, mainiacjoe_overflow_catwalk, zin_academy,
          mainiacjoe_overflow_small_starburst, xom_shifter_show, minivault_5,
          kennysheep_island_fort, uniq_psyche
D:9:      lemuel_insect_pit, layout_loops_ring, elyvilon_altar_3,
          gammafunk_temple_overflow_statue, serial_shops, shop
D:10:     layout_basic, nicolae_dithmenos_shadow_blocks, dpeg_lair_monsters,
          dk_rats_in_the_wall
D:11:     layout_roguey, orc_0_dummy, hangedman_fish_farm, uniq_grum
D:12:     layout_rooms, portal_ice_cave_rime, tgw_trog, uniq_maurice
D:13:     layout_basic, david_vaults_3, eino_small_chamber_without_monster,
          bloody_makhleb, uniq_josephine
D:14:     layout_loops_ring, nrook_uturn
D:15:     gammafunk_enter_depths_forms, layout_basic, minmay_misc_feat_tiny,
          serial_shops, nicolae_shop_advertising_works
          [nicolae_subvault_shop_adworks]
Temple:   hellmonk_temple_of_storms
Lair:1:   layout_roguey, gammafunk_ghost_ooze
Lair:2:   layout_regular_city, elwin_shoals_entry_stream,
          hellmonk_spider_entry_life_and_decay, lemuel_oklob_altar
Lair:3:   layout_small_grid, ebering_ghost_inner_flame
Lair:4:   hellmonk_destroyed_diamonds, layout_gridlike,
          nicolae_slime_entry_field_trip, gauntlet_entry_generic,
          grunt_forest_stairs_clearing, lemuel_fruit_fields, lemuel_fruit_tree
Lair:5:   guppyfry_lair_end_dragon, layout_cave_pods, wormcave,
          serial_bayou_shore_b
Orc:1:    layout_caves, gammafunk_ghost_fury_of_okawaru, led_sif_book,
          uniq_harold
Orc:2:    grunt_orc_gardens, layout_caves, grunt_orc_garden, grunt_orc_garden,
          grunt_orc_garden, grunt_orc_garden

Skill      XL: |  1  2  3  4  5  6  7  8  9 10 11 12 13 14 15 |
---------------+----------------------------------------------+-----
Armour         | 1 2 3 4 5 |  5.0
Fighting       | 3 5 7 8 9 10 13 15 16 | 16.0
Stealth        | 1 2 3 4 5 |  5.0
Evocations     | 1 2 3 4 5 |  5.0
Shields        | 1 2 3 6 8 10 | 10.8
Throwing       | 2 3 4 5 |  5.0
Maces & Flails | 5 8 10 13 14 15 | 15.7
Dodging        | 3 4 5 |  5.0
Invocations    | 6 8 10 | 10.0

Action                     |  1- 3 |  4- 6 |  7- 9 | 10-12 | 13-15 || total
---------------------------+-------+-------+-------+-------+-------++-------
  Melee: Flail             |    93 |       |       |     5 |  1239 ||  1337
         Headbutt          |     9 |    17 |    87 |   228 |   345 ||   686
         Whip              |     9 |   113 |   487 |   880 |    47 ||  1536
         Punch             |       |     3 |     1 |       |       ||     4
         Unarmed           |       |       |       |       |     6 ||     6
  Throw: Throwing net      |       |     3 |     1 |       |     1 ||     5
         Stone             |       |     3 |    12 |    38 |    11 ||    64
         Dart              |       |       |     2 |    30 |     5 ||    37
         Javelin           |       |       |     2 |       |       ||     2
         Boomerang         |       |       |     1 |       |       ||     1
  Evoke: Wand              |       |       |       |     1 |     4 ||     5
    Use: Scroll            |     1 |     4 |     9 |     4 |     6 ||    24
         Potion            |       |     4 |     8 |     5 |     6 ||    23
   Stab: Sleeping          |       |       |     6 |     1 |     1 ||     8
         Invisible         |       |       |       |     8 |     4 ||    12
         Held in net/web   |       |       |       |       |     1 ||     1
         Confused          |       |       |       |       |     1 ||     1
 Armour: Leather armour    |    19 |       |       |       |       ||    19
         Ring mail         |    37 |    15 |       |   170 |       ||   222
         Robe              |       |    24 |   209 |       |       ||   233
         Steam dragon scal |       |       |    19 |   229 |    35 ||   283
         Crystal plate arm |       |       |       |       |   815 ||   815
  Dodge: Dodged            |    59 |    40 |   201 |   210 |   284 ||   794
  Block: Other             |    16 |    18 |    52 |       |       ||    86
         Reflection        |     1 |     1 |     9 |     6 |    28 ||    45
         Kite shield       |       |       |   143 |   522 |    25 ||   690
         Buckler           |       |       |       |       |   733 ||   733

Table legend: (Time is in decaauts)
 A = Elapsed time spent in this place.
 B = Non-inter-level travel time spent in this place.
 C = Inter-level travel time spent in this place.
 D = Time resting spent in this place.
 E = Time spent auto-exploring this place.
 F = Levels seen in this place.
 G = Mean time per level.
                   A        B        C        D        E       F      G
               +--------+--------+--------+--------+--------+-----+--------+
         Total |  25752 |  22756 |   2996 |   3169 |  12863 |  26 |  990.5 |
       Dungeon |  15189 |  12669 |   2520 |   2072 |   6564 |  15 | 1012.6 |
        Temple |    102 |     58 |     44 |      0 |      0 |   1 |  102.0 |
          Lair |   6549 |   6169 |    380 |     91 |   4793 |   5 | 1309.8 |
  Orcish Mines |    956 |    906 |     50 |     35 |    653 |   2 |  478.0 |
         Sewer |   1237 |   1237 |      0 |    345 |    475 |   1 | 1237.0 |
      Ice Cave |   1196 |   1196 |      0 |    525 |    342 |   1 | 1196.0 |
      Gauntlet |    520 |    520 |      0 |    100 |     35 |   1 |  520.0 |
               +--------+--------+--------+--------+--------+-----+--------+

Top non-repeatable levels by time:
  Lair:5: 1908 daAuts
    D:15: 1775 daAuts
     D:8: 1648 daAuts
  Lair:3: 1431 daAuts
   Sewer: 1237 daAuts
   IceCv: 1196 daAuts
  Lair:4: 1151 daAuts
    D:10: 1095 daAuts
     D:5: 1050 daAuts
    D:13: 1048 daAuts
    D:11: 1045 daAuts
  Lair:1: 1040 daAuts
  Lair:2: 1017 daAuts
     D:9: 998 daAuts
   Orc:1: 938 daAuts
